[Event "44th Chess Olympiad Open 2022"]
[Site "Chennai"]
[Date "2022.08.03"]
[Round "6.12"]
[White "Jumabayev, Rinat"]
[Black "Navara, David"]
[Result "*"]
[WhiteElo "2617"]
[BlackElo "2688"]
[Annotator "TA"]
[PlyCount "87"]
[EventDate "2022.??.??"]
[TimeControl "60"]

1. Nf3 d5 2. g3 g6 3. Bg2 Bg7 4. d4 Nf6 5. c4 c6 6. O-O O-O 7. a4 {[%emt 0:00:06] D78:
Fianchetto Grünfeld: 6 0-0 c6.} (7. b3 $14 {might be stronger.}) 7... a5 8. cxd5 Nxd5 {[%emt 0:03:07] [#]} 9. Bg5 $146 ({Predecessor:} 9. Nc3 Nb4 10. Bf4 Bg4 11. Ne5 Be6 12. Qd2 Nd7
13. Nf3 Nb6 14. Bh6 Nc4 15. Qc1 {0-1 (54) Fedoseev,V (2701)-Andreikin,D (2729)
Chess.com INT 2022}) 9... Bg4 10. h3 Bxf3 11. Bxf3 Nb4 12. e3 h6 13. Bf4 Nd7 {[%emt 0:00:19] [#]
Strongly threatening ...g5.} 14. h4 {[%emt 0:00:05] Inhibits g5.} e5 15. dxe5 Nxe5 16. Bxe5 Bxe5 17. Nc3 Qxd1 18.
Rfxd1 Rfd8 {[%emt 0:00:47] Against Rd7} 19. Rac1 Nd3 20. Rc2 {[%emt 0:03:53] Rcd2 is the strong threat.}
Bxc3 (20... Nc5 $15) 21. Rxc3 $11 Ne5 22. Rxd8+ Rxd8 {
[%emt 0:00:08] Endgame KRB-KRN} 23. Be4 Rd2 24. f4 (24. Rc5 $5 Nd7 25. Rc2 Rd1+ 26. Kg2 $11
) 24... Nd7 25. Rc2 Rd1+ 26.
Kf2 Nf6 27. Bf3 {[%emt 0:00:00] The position
is equal.} Ra1 28. b3 Rb1 29. Rc3 Rb2+ 30. Ke1 h5 31. e4 Kf8 32. e5 Ng4 33. Be4 Ke7 34.
Bc2 {[%emt 0:00:20] [#]} Ne3 $1 35. Be4 Nf5 36. Bxf5 gxf5 {[%emt 0:00:00] KR-KR} 37. Rd3 f6 38. Re3 b6 39. exf6+ Kxf6 40. Kd1 c5 41. Kc1 Rg2 42. Kd1 Ra2 43. Re8 Rb2 44. Re3 {[%emt 0:00:00] Weighted Error Value: White=0.04 (flawless) /
Black=0.04 (flawless)} *

[Event "44th Chess Olympiad Open 2022"]
[Site "Chennai"]
[Date "2022.08.03"]
[Round "6.12"]
[White "Zwardon, Vojtech"]
[Black "Nogerbek, Kazybek"]
[Result "0-1"]
[WhiteElo "2503"]
[BlackElo "2437"]
[Annotator "TA"]
[PlyCount "174"]
[EventDate "2022.??.??"]
[TimeControl "60"]

1. c4 Nf6 2. Nc3 e5 3. Nf3 Nc6 4. e3 Bb4 5. Qc2 Bxc3 6. Qxc3 Qe7 7. a3 {[%emt 0:01:16] 7.a3 was played by the boomers.} O-O {
[%emt 0:00:50] A28: English Opening: Four Knights Variation.} 8. b4 d5 9. cxd5 Nxd5 {[%emt 0:00:14] The
position is equal.} 10. Qc5 Qxc5 11. bxc5 e4 12. Ng5 Bf5 13. Bb2 {[%emt 0:06:19][%cal Yg2g4] [#]} f6 $146 ({
Predecessor:} 13... h6 14. g4 Bg6 15. Bc4 Rfd8 16. Nh3 f6 17. Nf4 Bf7 18. Ne2
Kf8 19. Rc1 Na5 {½-½ (50) Zwardon,V (2482)-Navara,D (2682) Usti nad Labem
2022}) 14. Nh3 b6 15. Rc1 Na5 16. cxb6 cxb6 17. Ba6 {
[%emt 0:00:16] Prevents Rac8.} Bc8 18. Be2 Be6 19. d3 exd3 20. Bxd3 Rac8 21. O-O Rfd8 {[%emt 0:
00:00][%cal Yd5e3] Strongly threatening ...Nxe3!} 22. Ba6 {[%emt 0:03:04] A
strong pair of Bishops.} Rxc1 23. Rxc1 Ne7 (23... b5 $15 24. Bd4 (24. Bxb5 Rb8 $17) 24... Nb3) 24. Nf4 {
[%emt 0:01:46] [#]} Bc4 25. Bxc4+ ({Avoid
the trap} 25. Bxf6 $2 gxf6 26. Bxc4+ Nxc4 $19) 25... Nxc4 26.
Bd4 (26. Bc3 $1 $15) 26... Nxa3 $17 27. Rc7 {
[%emt 0:00:08] [#]} Rc8 $1 28. Nd5 (28. Rxc8+
Nxc8) 28... Rxc7 29. Nxc7 $19 {[%emt 0:00:02] Endgame KBN-KNN}
Nc6 30. Bb2 Nc4 31. Bc3 Nd6 32. Kf1 a5 33. Ke2 b5 34. Kd3 b4 35. Be1 (35. Ba1 {might
work better.}) 35... a4 36. Na6 (36. f4 $142
a3 37. Kc2) 36... b3 (36... Ne5+ $142 37. Kc2 b3+ 38. Kb1 Nd3)
37. Nc5 Ne5+ 38. Kd2 Ndc4+ ({Stronger than} 38... b2 39. Kc2 a3 40. Kb1) 39. Kc1 b2+ 40. Kb1 a3 41.
h3 Kf7 42. Bb4 Ng6 43. Ne4 Nge5 $2 ({Black should try} 
43... Ke6 $19 {White must now prevent ... Nh4.} 44. Nc3 Nge5) 44. f4 $2 (44. Nc5 $1 $11) 44... Nd3 45. Nd6+ Nxd6 46. Bxd6 {[%emt 0:00:05] KB-KN} Ke6 $2 (46... a2+ $1 $19 47. Kxa2 Ke6) 47. Bxa3 $15 Kd5 48. Bf8 $2 (48. f5 $15) 48... g6 $19 49. Bg7 f5 {[%emt 0:00:00] ...h5 is the strong threat.
} 50. Bc3 Kc4 51. Bf6 h5 52. Ka2 Ne1 53. Kxb2 Nxg2 54. Kc2 Nxe3+ 55. Kd2 Ng2 $1 56. Ke2 Nxf4+ 57. Kf3 Nd5 58.
Bg5 Kd4 (58... Nc7 $142 59. h4 Nd5) 59. h4 Ke5 $2 (59... Nc3 {mates} 60. Bf6+ Kd3 61. Bg7
Ne4 62. Bh6 Nc5 63. Bg7 Nb3 64. Kf2 Ke4 65. Bf8 Nd4 66. Bh6 Nf3 67. Kg3 Ne5 68.
Bg5 Nd3 69. Kg2 f4 70. Bf6 Ke3 71. Kf1 Nf2 72. Bd8 Ng4 73. Bg5 Kf3 74. Kg1 Nf2
75. Kf1 Ne4 76. Bd8 Nd2+ 77. Ke1 Nc4 78. Bc7 Ne3 79. Bb6 Kg2 80. Ba7 Nf5 81.
Bc5 Nxh4 82. Bd6 f3 83. Be7 f2+ 84. Kd2 Nf5 85. Bf6 f1=Q 86. Kc2 Qb5 87. Bh8 h4
88. Kc3 h3 89. Be5 Qxe5+ 90. Kc4 h2 91. Kb3 h1=Q 92. Kc4 Qc1+ 93. Kb4 Qcb2+ 94.
Kc4 Qed4#) 60. Bd8 $2 (60. Bh6 $17) 60... Kd6 $2 (60... Nc3 $1 $19 {[%cal Rc3b5] ( -> ...Nb5)} 61. Bc7+ Ke6) 61. Ba5 $2 (61. Ke2 $17) 61... Nc7 $2 (61... Kc5 $19 62.
Bd2 Kc4) 62. Be1 $17 Ne6 {[%emt 0:00:00] Threatens to win
with ...Kd5.} 63. Bc3 Ke7 64. Bd2 Kf7 65. Bc3 $2 {[%emt 0:00:25] [#]} (65. Kg3 $17)
65... g5 $1 {[%emt 0:00:00] Black mates.} 66. hxg5 Kg6 67. Bb4 f4 68. Be7 Kf5 69. g6 Nd4+ 70.
Kg2 Kxg6 71. Kh3 Nf3 72. Bd6 Ng5+ 73. Kg2 Kf5 74. Be7 Kg4 75. Bc5 Ne4 76. Bb6 Nd6 77. Ba7 Nf5 78. Bb8 Ne3+ 79. Kh2 Kf3 80. Kg1 Kg3 81. Bc7 h4 82. Ba5 h3 83. Be1+ Kf3 84. Kh2 Ke2 85. Bh4 Nf5 86. Bd8 {[%emt 0:
01:04] [#]} f3 $1 87. Bb6 Ne3 {[%emt 0:00:05]
Weighted Error Value: White=1.02/Black=0.67} 0-1

[Event "44th Chess Olympiad Open 2022"]
[Site "Chennai"]
[Date "2022.08.03"]
[Round "6.12"]
[White "Urazayev, Arystanbek"]
[Black "Hracek, Zbynek"]
[Result "1-0"]
[WhiteElo "2430"]
[BlackElo "2555"]
[Annotator "TA"]
[PlyCount "89"]
[EventDate "2022.??.??"]
[TimeControl "60"]

1. e4 c5 2. Nf3 Nc6 3. Bb5 e6 4. O-O Nge7 5. Re1 Nd4 6. Nxd4 cxd4 7. c3 a6 8. Bf1 {[%emt 0:00:15] B30: Sicilian: 2...Nc6 3
Bb5, lines without ...g6.} Nc6 9. b4 $1 {[%emt 0:00:26] is
recently more successful than 9.d3.} dxc3 10. dxc3 {[%emt 0:
02:56] [#] White is slightly better.} Qc7 $146 ({Predecessor:
} 10... Be7 11. Bf4 d5 12. exd5 exd5 13. a4 O-O 14. Na3 d4 15. b5 axb5 16. Nxb5
dxc3 17. Nxc3 Qxd1 18. Raxd1 {1-0 (38) Vidit,S (2723)-Skliarov,V (2387) Chess.
com INT 2022}) 11. a4 b6 12. Na3 Be7 13. Nc4 O-O 14. Qf3 d6 {[%emt 0:02:32] Against e5} 15. Qg3 Ne5 16. Nxe5 dxe5 17. Bh6 Bf6 18. a5 {[%emt 0:02:
15] White is much more active. The black rooks are badly placed.} b5 19. c4 bxc4 20. Rac1 Bd7 21. Rxc4 Qb7 22. Re3 ({Much weaker is} 22. Bg5 Bxg5 23. Qxg5 Bb5 $11) (22. Rec1 $1
$14 Bb5 23. Rc7 Qxe4 24. Bxb5 axb5 25. Bd2) 22... Kh8 (22...
Bb5 {is interesting.} 23. Rf3 Qe7 24. Rc1 Bxf1 25. Rxf1 Rab8) 23. Rf3 {[%emt 0:
06:55] Strongly threatening Rxf6.} Rg8 24. Bg5 Bxg5 25. Qxg5 f6 (25...
Bb5 $15 26. Rc1 f6) 26. Qc1 $1 $14 {[%emt 0:08:09] Hoping for Rc7.} Bb5 27. Rc7 Qxe4 28. Bxb5 axb5 29. Rb3 Rgd8 30. Rb1 (30. h3 $1 $16) 30... h5 $11 31. h3 Kh7 32. Ra1 Qxb4 33. a6 Rd2 {[%emt 0:02:40] White must now
prevent ...Qd4.} 34. Rc2 {[%emt 0:01:49] [#]} (34. Qc6 $1 $11 {remains equal.}
Qd4 35. Rf1) 34... Rd7 (34... Rd6 $1 $17 35. a7
Qd4) 35. Rc6 (35. Rc8 $1 $11 Rxc8 36. Qxc8) 35... Qb3 (35... Qe4 $17) 36. Rc7 Rxc7 (36... Qd3 $15) 37. Qxc7 $15 {[%emt 0:00:03] Endgame KQR-KQR} Qc4 38. Qb7 Qd5 {[%emt 0:00:12] Threatens to win with ...
Qxb7.} 39. Qf7 (39. Ra5 $11 {should be considered.}) 39... h4 (39... e4 $1 $15 40. a7 e3 41. fxe3 b4) 40. Rc1 Qd3 $2 {[%emt 0:02:50] [#]} (40... e4 $11 41. Rc7 Qg5) 41. Qh5+ $1 $18 Kg8 42. Rc7 {[%emt 0:00:00] Qf7+ would kill
now. White is clearly winning.} Qh7 43. Qf7+ Kh8 44. Qxe6 {[%emt 0:07:24] And now Rc8+ would win.} Qg8 {
[%emt 0:06:36] Against Rc8} 45. Qg4 {[%emt 0:02:10] Weighted Error Value:
White=0.18 (very precise) /Black=0.21 (precise)} 1-0

[Event "44th Chess Olympiad Open 2022"]
[Site "Chennai"]
[Date "2022.08.03"]
[Round "6.13"]
[White "Nabaty, Tamir"]
[Black "Barcenilla, Rogelio"]
[Result "0-1"]
[WhiteElo "2631"]
[BlackElo "2463"]
[Annotator "TA"]
[PlyCount "128"]
[EventDate "2022.??.??"]
[TimeControl "60"]

1. d4 Nf6 2. c4 g6 3. g3 Bg7 4. Bg2 d6 5. Nf3 O-O 6. Nc3 Nc6 7. O-O a6 8. b3 {[%emt 0:00:30] 8.Bf4 is the recent
fashion.} Rb8 9. d5 Na5 {[%emt 0:00:47] E63:
King's Indian: Fianchetto: Panno Variation with 7...a6.} 10. Bg5 c5 11. dxc6 $1 Nxc6 {[%emt 0:00:09]
White is slightly better.} 12. Rc1 Bf5 13.
Nd5 Ne4 14. Be3 Nf6 {
[%emt 0:07:38] [#]} 15. Nh4 $146 ({Predecessor:} 15. h3 Be4
16. Qd2 b5 17. Rfd1 Rc8 18. h4 bxc4 19. Nxf6+ Bxf6 20. Rxc4 d5 21. Ra4 {
1-0 (62) Babic,D (2475)-Ilyushchenko,Y (2359) ICCF email 2018}) 15... Be6 16. Qd2 Ng4 17. Bb6 Qc8 18. Nf3 Qd7 19.
Nf4 (19. Ng5 {is interesting.} Bh6 20. Nc7 Nd8 21. f4) 19...
Bh6 20. e3 (20. Nd4 {seems wilder.} Nxd4 21.
Bxd4 Bf5 22. e4) 20... Nf6 21. Nxe6 Qxe6 22. Nd4 Qd7 23. Nxc6 bxc6 24. Qa5 Qb7 25. Bd4 Bg7 26. Rb1 Rfc8 27. b4 Qc7 28. Qxc7 ({And not} 28. Qxa6 e5 29. Bxe5 dxe5 $17) 28... Rxc7 29. a4 Nd7 $1 30. a5 Kf8 31. f4 Bxd4 32. exd4 e6 33. Rfc1 Ke7 34. Kf2 Nf6 35. Bf1 Ra7 36. Kf3 Ne8 37. d5 cxd5 38. cxd5 Nc7 39. Rxc7+ $4 {[%emt 0:00:
00] This costs White the game.} Rxc7 $19 40. Bxa6 $11 {
[%emt 0:23:15] Endgame KRR-KRB} Rc3+ ({Inferior is} 40... exd5
41. Bd3 $15) 41. Ke2 Ra3 (41... exd5 42. Bd3
$17) 42. Bd3 Ra4 ({Worse is} 42... exd5 43.
a6 $15) 43. dxe6 fxe6 44. a6 Rbxb4 45. Rc1 $2 (45. Rxb4 Rxb4 46. Kd2)
45... Rb2+ $19 {[%emt 0:00:00] Black is clearly winning.} 46. Ke3 Ra3 47. Rc7+ {[%emt 0:00:00] [#]} Kf6 $1 {[%emt 0:00:00]
...Rbb3 is the strong threat.} 48. g4 g5
{[%emt 0:00:00] aiming for ...gxf4+.} 49. fxg5+ Ke5 50. Rc1 Rbb3 51. Rd1 Rxa6 {[%emt 0:00:00] And now ...Raa3 would win.} 52. Re1 Ra2 53. h4 Rh2 54. h5 d5 55. g6 hxg6 56.
hxg6 Kf6 57. Rf1+ {[%emt 0:01:01] [#]} Kg7 $1 58. Rf7+ Kg8 59. Rd7 Rh3+ 60. Kf4 Rhxd3 61. Kg5 Rb8 62. Re7 Re3 63. Kh6 Rh3+ 64. Kg5 Rd8 {[%emt 0:00:00] Weighted Error Value: White=0.56/Black=0.
03 (flawless)} 0-1

[Event "44th Chess Olympiad Open 2022"]
[Site "Chennai"]
[Date "2022.08.03"]
[Round "6.13"]
[White "Postny, Evgeny"]
[Black "Bersamina, Paulo"]
[Result "1-0"]
[WhiteElo "2564"]
[BlackElo "2429"]
[Annotator "TA"]
[PlyCount "81"]
[EventDate "2022.??.??"]
[TimeControl "60"]

1. d4 Nf6 2. c4 c5 3. d5 e6 4. Nc3 exd5 5. cxd5 d6 6. Nf3 g6 7. Bf4 Bg7 8. e3 {[%emt 0:01:12] A61:
Modern Benoni: Nf3 without early e4.} O-O 9. h3 Na6 10. Bxa6 {[%emt 0:00:42] The position is equal.} bxa6 11. Rc1 Nh5 12. Bh2 f5 {[%emt 0:03:49] Against Ne4} 13. O-O f4 14. exf4 Nxf4 15. Re1 {
[%emt 0:00:44] [#]} Rb8 $146 ({Predecessor:} 15... g5 16. Bxf4
Rxf4 17. Re4 Rf7 18. b4 Bf5 19. Rc4 cxb4 20. Rxb4 Rc8 21. Ne4 Bxe4 22. Rxe4 {
1-0 (34) Cori,J (2652)-Cofre Archibold,N (2299) Villahermosa 2021}) 16. b3 $1 Rb4 17. Ne4 h6 ({Black should play} 17... Bh6 $14) 18. Rc4 a5 19. a3 Rxc4 20. bxc4 g5 {[%emt 0:00:20] [#]} 21. Nfd2 $1 Bd4 22. Bxf4 Rxf4 (22... gxf4
$142 23. Qh5 Kg7) 23. Qh5 $18 Kg7 {[%emt 0:02:11] Inhibits
Qg6+.} 24. Nf3 {[%emt 0:01:17][%cal Re4g5] Black must now prevent Nexg5! Pair
of Knights!} Bf5 $2 {[%emt 0:07:28] [#]} (24... Bd7 25. Nxd4 cxd4 26. Nxd6 d3)
25. Nexg5 $1 {[%emt 0:06:32] White threatens Qf7+ and mate. White is clearly
winning.} hxg5 26. Re8 Qf6 {[%emt 0:00:00] ..
.Bh7 is the strong threat.} 27. Qh8+ (27. Nxd4 $142 Rh4 28.
Nxf5+ Qxf5 29. Re7+ Kg8 30. Qe8+ Qf8 31. Qg6+ Kh8 32. Re8 Qxe8 33. Qxe8+ Kh7
34. Qe7+ Kh8 35. Qf8+ Kh7 36. Qe7+ Kh8 37. Qxg5) 27... Kg6 28.
Rg8+ {[%emt 0:00:24] Skewer} Kf7 29. Rf8+ Ke7 30. Rxf6 Bxf6 31. Qb8 Rxc4 32. Qxa7+ Bd7 33. Qxa5 Rc1+ 34. Kh2 c4 (34... Rd1 $142 35. a4 c4) 35. Qd2 Rc3 36. Nxg5 Rd3 37. Qe1+ Kf8 38. Nh7+ Kg7 39. Nxf6 Kxf6 40. Qe4 Bb5 41. a4 {[%emt 0:30:25] Weighted Error
Value: White=0.14 (very precise) /Black=0.38} 1-0

[Event "44th Chess Olympiad Open 2022"]
[Site "Chennai"]
[Date "2022.08.03"]
[Round "6.13"]
[White "Paragua, Mark"]
[Black "Boruchovsky, Avital"]
[Result "1/2-1/2"]
[WhiteElo "2461"]
[BlackElo "2551"]
[Annotator "TA"]
[PlyCount "118"]
[EventDate "2022.??.??"]
[TimeControl "60"]

1. e4 e5 2. Nf3 Nc6 3. Nc3 Nf6 4. d4 exd4 5.
Nxd4 Bb4 6. Nxc6 bxc6 7. Bd3 d5 8. Bd2 O-O 9. O-O Re8 {[%emt 0:00:
00][%cal Yf8e8,Ye8e6,Ye6e4,Ye4b4] [#] C47: Scotch Four Knights and Four
Knights with 4 g3.} 10. Nxd5 $1 Nxd5 11. exd5 Bxd2 12. Qxd2 cxd5 13. Bb5 Re6 {[%emt 0:02:55] [#]} 14. Rad1 $146 ({Predecessor:} 14. Rfe1 Rb8 15. Bc4 Rxe1+ 16. Rxe1 Be6 17. Bb3
h6 18. Rd1 Qf6 19. c3 c6 20. Qd4 Qxd4 21. cxd4 {0-1 (58) Golubev,M (2461)
-Karjakin,S (2752) Chess.com INT 2020}) 14... Bb7 15. Qd4 Qe7 16. b4 Re4 17. Qc5 Qxc5 18. bxc5 c6 $1 19. f3 Rb4 20. Bd3 Ra4 21. Rb1 Bc8 22. Rb2 {[%emt 0:08:08] [#] Threatens to win with Rfb1.} g6 23. Rfb1 {[%emt 0:08:45] Hoping for Rb8.} Kg7 24. Kf2 Ra5 25. Rb8 Rxb8 26. Rxb8 $11 {[%emt 0:00:03] Endgame KRB-KRB} Be6 27. Rb7 d4 28. Rb4 Bxa2 29. Rxd4 Bd5 30. Ke3 {[%emt 0:00:45]
The position is equal.} Be6 31. g4 Kf6 32. Be4 g5 33. Bxc6 Rxc5 34. Be4 Rc3+ 35. Bd3 Ra3 {[%emt 0:00:40] Prevents Ra4.} 36. Rd8 a5 37. Kd4 a4 38.
Ra8 Ra1 39. Bc4 Rd1+ 40. Bd3 Ra1 41. Bc4 Bxc4 42. Kxc4 {[%emt 0:00:08] KR-KR} Rf1 43. Ra6+ Kg7 44. Rxa4 Rxf3 45. Kd5 h5 46. gxh5 Rf5+ 47. Kd6 Rf2 48. c4 Kf6 49. c5 Rd2+ 50. Kc7 Rxh2 51. c6 {[%emt 0:00:00] Kb7 is the strong threat.} Rxh5 52. Kd6 Kf5 (52... Rh8 53. c7 $11) 53. Ra8 Rh6+ 54. Kd7 {[%emt 0:00:57] White wants to
mate with c7.} Rh1 55. c7 Rc1 56. c8=Q Rxc8 57. Rxc8 g4 58. Ke7 g3 59. Kxf7 Kf4 {[%emt 0:00:04] Weighted Error Value: White=0.01 (flawless)
/Black=0.02 (flawless)} 1/2-1/2

[Event "44th Chess Olympiad Open 2022"]
[Site "Chennai"]
[Date "2022.08.03"]
[Round "6.13"]
[White "Laylo, Darwin"]
[Black "Smirin, Ilia"]
[Result "*"]
[WhiteElo "2432"]
[BlackElo "2601"]
[Annotator "TA"]
[PlyCount "66"]
[EventDate "2022.??.??"]
[TimeControl "60"]

1. d4 d6 2.
c4 e5 3. Nf3 e4 4. Ng5 f5 5. Nc3 Be7 6. Nh3 Nf6 7. g3 c6 8. d5 {[%emt 0:00:00] A21:
English Opening: 1...e5 2 Nc3.} (8. Nf4 $142) 8... Nbd7 $11 9.
Bg2 Nb6 10. Qb3 Nfd7 11. O-O Ne5 12. f3 $1 {
[%emt 0:05:32] [#]} Nbxc4 $146 ({Predecessor:} 12... exf3 13.
exf3 Nexc4 14. Re1 O-O 15. Bf1 Na5 16. Qb4 Nxd5 17. Nxd5 cxd5 18. Nf4 Nc6 {
0-1 (54) Machlik,E (2110)-Lie,K (2539) Norway 2019}) 13. fxe4 O-O 14. Bf4 {[%emt 0:09:34] aiming for dxc6.} Kh8 15. exf5 Bxf5 16. Qxb7 Na5 17. Qb4 Rb8
{[%emt 0:05:21] Deflection} 18. Qa4 Rxb2 19.
dxc6 {[%emt 0:03:32][%cal Yc6c7] c7! is the strong threat.} Bc2 {[%emt 0:10:49]
Deflection} 20. Qd4 Naxc6 21. Qd2 Bf6 $36 {[%emt 0:03:45][%cal Yc6d4] Black has good play.} 22. Nd5 (22. Bg5 $11) 22... Bf5 $17 23. Qd1 {[%emt 0:
03:20] [#]} (23. Qxb2 $17 Nf3+ 24. Rxf3 Bxb2 25. Raf1 Bxh3 26. Bxh3) 23... Nd4
$1 $19 24. Nxf6 ({Don't blunder} 24. Qxd4 $2
Nf3+ $1 25. Bxf3 Bxd4+ $19) 24... Nxe2+ 25. Kh1 {[%emt 0:00:
01] Hoping for Bxe5.} Bxh3 (25... Qxf6 26. Bxe5 Qxe5 27. g4
$15) (25... Nc3 $142 26. Qh5 Rxg2 27. Bxe5 {[#]} Qa8 $1 28. Rxf5 Rxg3+ 29. Rf3
Qxf3+ 30. Qxf3 Rxf3 31. Nxh7 Rf1+ 32. Rxf1 Rxf1+ 33. Kg2 dxe5 $1 34. Kxf1 Kxh7)
26. Bxh3 $17 {[%emt 0:00:53] And now Nd5 would win.} Rxf6 ({
Of course not} 26... gxf6 27. Bd2 Nc4 28. Qxe2 $11) ({Black should try} 26...
Nxf4 $17 27. Rxf4 (27. gxf4 Rxf6 28. Qd5 Ng6 $17) 27... Rxf6) 27. Bg2 (27. Bd2 $1 $11 {remains equal.} Rxf1+ 28. Bxf1) 27... Nxf4 28. Rxf4 Re6 (28... Rxf4 $15 29. gxf4
Ng6) 29. Qd5 Re8 30. Rd1 Rb6 31. a4 {[%emt 0:01:56] The position is equal.} g6 32. Qd4 a5 33. Qc3 Rb8
{[%emt 0:04:29] Weighted Error Value: White=0.20 (precise) /Black=0.12 (very
precise)} *

[Event "44th Chess Olympiad Open 2022"]
[Site "Chennai"]
[Date "2022.08.03"]
[Round "6.14"]
[White "Tari, Aryan"]
[Black "Kuybokarov, Temur"]
[Result "0-1"]
[WhiteElo "2672"]
[BlackElo "2583"]
[Annotator "TA"]
[PlyCount "78"]
[EventDate "2022.??.??"]
[TimeControl "60"]

1. Nf3 d5 2. d4 Nf6 3. c4 dxc4 4. e3 e6 5. Bxc4 c5 6. O-O Nc6 7. Nc3 {[%emt 0:
00:00] D26: Queen's Gambit Accepted: 4 e3 e6 5 Bxc5 c5 sidelines.} a6 8. d5 Nxd5 $5 {[%emt 0:00:10] Leaves trodden paths.}
9. Nxd5 {[%emt 0:00:44] Hoping for Nc3. White is slightly better.} Na5 {
[%emt 0:00:06] [#]} 10. b3 $1 Nxc4 11. bxc4 {[%emt 0:04:16] Nc3 is the strong threat.} exd5 12. cxd5 Bd6 13. e4 {[%emt 0:
02:43] Black should prevent e5.} f6 {[%emt 0:00:04] Inhibits e5.} 14. a4 O-O {[%emt 0:01:04] [#]} 15. h3 $146 ({
Predecessor:} 15. a5 b5 16. axb6 Qxb6 17. Qc2 Qc7 18. h3 f5 19. e5 Bxe5 20.
Nxe5 Qxe5 21. Ra5 {1-0 (67) Giri,A (2764)-Wang,H (2763) Chess.com INT 2020})
15... b6 16. Bb2 Bd7 17. Re1 Qc7 18. e5 fxe5 19. Nxe5 Rae8 20. Qb3 b5 (20... Rxe5 $2 21. Bxe5 h6 22. Qc4 $1 $18)
21. axb5 axb5 {[%emt 0:00:40][%cal Ya6b5,Yb5b4,Yb4b3,Yb3b2]
And now ...c4 would win.} (21... Rxe5 $2 22. Bxe5 Bxb5 23. Qg3 Bxe5 24. Rxe5
$18) 22. Nxd7 Rxe1+ 23. Rxe1 {[%emt 0:00:04]
[%cal Ye1e7] Threatening mate with Re7!} Qxd7 24. Re6 ({White should try} 24. Be5 $1 $15) 24... c4 (
24... Rf5 $17 {aiming for ...c4.} 25. Ba3 Bf8) 25. Qe3 $1 $11 b4 $40 {[%emt 0:01:29] Black has some attack.} 26. Be5 {[%emt 0:03:43]
Prevents Bf4.} Bxe5 27. Qxe5 {[%emt 0:00:00] Endgame KQR-KQR}
Qf7 28. Qd4 b3 {[%emt 0:02:35] Threatens to
win with ...Qf4.} 29. Qxc4 b2 30. Qb4 $1 ({Wrong is} 30. Qf1 $2 Rc8 31. Rb6 Rc1 32. Rb8+ Qf8 $3 33. Rxb2
(33. Rxf8+ Kxf8 34. g3 Rxf1+ 35. Kxf1 b1=Q+ $19) 33... Rxf1+ 34. Kxf1 Qf4 $19)
30... Qxf2+ 31. Kh2 h5 32.
Rb6 h4 {[%emt 0:00:51] ( -> ...Re8)} (32... Re8 $5 33. Re6 (
33. d6 $2 Re3 $19) 33... Rxe6 34. dxe6 Qe2 35. Qb8+ Kh7 $11) 33. Qd6 $2 {
[%emt 0:01:23] [#]} (33. Qxb2 $11 Qg3+ 34. Kg1) 33... Re8 $1 34. Rb4 Re2 (34... Qd2 $142 35. Rb7 Qc1 36.
Qb4 Qg5 37. Qg4 Qe5+ 38. Kg1 Ra8 39. Kf2 Qf6+ 40. Ke1 Ra1+ 41. Ke2 Qa6+ 42. Kd2
Qxb7 43. Qe6+ Qf7 44. Qc8+ Qf8 45. Qe6+ Kh8 46. Qb6 Qf4+ 47. Kc3 b1=Q 48. Qxb1
Rxb1 49. Kc2 Re1 50. g4 Qe3 51. d6 Re2+ 52. Kd1 Qd2#) 35. Qd8+ {[%emt 0:00:53]
[#]} Qf8 $1 36. Qb6 Qf6 37.
Qb8+ Kh7 {[%emt 0:00:06] Black mates.} 38. Rg4 Re1 ({And not} 38... Qe5+ 39. Qxe5 Rxe5 40. Rxh4+ Kg6 41.
Rb4 $14) 39. Rb4 Qf2 {[%emt 0:00:08] Weighted Error Value:
White=0.67/Black=0.24 (precise)} 0-1

[Event "44th Chess Olympiad Open 2022"]
[Site "Chennai"]
[Date "2022.08.03"]
[Round "6.14"]
[White "Smirnov, Anton"]
[Black "Carlsen, Magnus"]
[Result "0-1"]
[WhiteElo "2600"]
[BlackElo "2864"]
[Annotator "TA"]
[PlyCount "80"]
[EventDate "2022.??.??"]
[TimeControl "60"]

1. e4 Nc6 2. Nf3 d6 3. d4 Nf6 4. Nc3 g6 5. h3 Bg7 6. Be3 O-O 7. Qd2 a6 {[%emt 0:01:22] B08: Pirc Defence: Classical System.} 8. Bd3 e5 9. dxe5 Nxe5 {[%emt 0:00:
00] The position is equal.} 10. Nxe5 dxe5 11.
O-O-O b5 {[%emt 0:05:03] [#]} 12. g4 $146 ({
Predecessor:} 12. Bc5 Be6 13. Qe3 Nd7 14. Bxf8 Qxf8 15. g4 Nc5 16. Kb1 Rb8 17.
Ne2 Na4 18. Qa7 {½-½ (57) Smeets,J (2617)-Loxine,J (2411) Germany 2016})
12... c6 13. f3 Be6 14. h4 Qa5 15. a3 Rfb8 (15... h5 $11 {might be stronger.}) 16. Bc5 (16. h5 $1
$14 {feels stronger.}) 16... h5 $11 17. Bd6 (
{White should play} 17. Kb1 $11) 17... Rb7 18. Kb1 (18. Bxe5 b4 19. Qf4 (19. Bxf6 $2 Bxf6 20. Nd5 cxd5 $19) 19... bxc3 20.
Bxc3 Qc7 21. Qxc7 Rxc7 $17) (18. Rdg1 $11 {keeps the balance.}) 18... Rd8 (18... hxg4 $17 19. fxg4 Bxg4) 19. Bb4 Qc7 20. Ne2 Rd7 21. Bc5 hxg4 22. Ng3 gxf3 {[%emt 0:00:41]
[%cal Yb5b4] White must now prevent ...b4!} (22... b4 $5 23. axb4 a5 $11) 23.
h5 {[%emt 0:00:10] h6 is the strong threat.} Qd8 24. hxg6 fxg6 25. Qg5 Kf7 26. Nf5 $2 {[%emt 0:02:49] [#]} Nxe4 $1 27. Nh6+ $17 Bxh6 28. Qxh6 {[%emt 0:00:32]
Hoping for Qh7+.} Bf5 {[%emt 0:00:36] And now ...Nf6 would win.} (28... Nxc5
29. Bxg6+ Kf6 30. Be8+ (30. Rdf1 $2 Ke7 $19) 30... Kf5 31. Rh5+ Ke4 32. Bg6+)
29. Ka2 Qg8 (29... Nxc5 30. Bxf5 Qf6 31. Qh7+
Kf8 32. Bxd7 Rxd7 33. Rxd7 Qe6+ 34. Rd5 Qxd5+ 35. b3 $14) 30. Bxe4 Bxe4 31. Rde1 $2 {[%emt 0:00:00] [#]} (31. Kb1 $17 {
might work better.}) 31... Kf6+ $1 $19 (31... Bxc2 32. Qh2 Bf5
33. Qxe5 $11) 32. b3 {[%emt 0:02:32] [#] aiming for Qh4+.} Rh7 $1 ({Worse is} 32... Bxc2 33. Qh4+ g5 34. Qh6+ Bg6 35. Rxe5 Rd2+ 36. Ka1 $17)
33. Qe3 Rxh1 34. Rxh1 Qd5 ({Not} 34... Bxc2 35. Qxf3+ Kg7 36. Bd6 Qxb3+ 37. Qxb3 Bxb3+
38. Kxb3 $14) 35. Kb2 Rd7 ({Wrong is} 35...
Ke6 $2 36. Rh4 Kf5 37. Qg1 $19) 36. Rh8 Bf5 37. Rf8+ Rf7 38. Re8 Qe4 39. Qd2 {[%emt 0:04:09] Strongly threatening Qd8+.} Kg7 40. Bf2 Qe2 {[%emt 0:00:55]
Weighted Error Value: White=0.30/Black=0.18 (very precise)} 0-1